 Dungeon Crawl Stone Soup version 0.21.1-1-g345015fe64 (webtiles) character file.

180 Ivernyr the Charmwright (level 5, -2/41 HPs)
             Began as a Demonspawn Skald on May 1, 2018.
             Slain by an ogre
             ... wielding a +0 giant club
              (28 damage)
             ... on level 4 of the Dungeon.
             The game lasted 00:11:12 (2917 turns).

Ivernyr the Charmwright (Demonspawn Skald)          Turns: 2917, Time: 00:11:13

Health: -2/41      AC:  8    Str: 11    XL:     5   Next: 33%
Magic:  5/8        EV: 12    Int: 15    God:
Gold:   188        SH:  0    Dex: 13    Spells: 3/8 levels left

rFire    . . .     SeeInvis +   a - +0 long sword
rCold    . . .     Gourm    .   (no shield)
rNeg     . . .     Faith    .   b - +0 leather armour
rPois    .         Spirit   .   (no helmet)
rElec    .         Reflect  .   r - +0 cloak
rCorr    .         Harm     .   (no gloves)
MR       .....                  u - +0 pair of boots
Stlth    ..........             (no amulet)
HPRegen  0.13/turn              p - ring of see invisible
MPRegen  0.11/turn              t - ring of loudness (curse)

@: shrouded
A: icy blue scales 2
a: no special abilities


You were on level 4 of the Dungeon.
You were not hungry.

You visited 1 branch of the dungeon, and saw 4 of its levels.

You collected 188 gold pieces.

Inventory:

Hand Weapons
 a - a +0 long sword (weapon)
Armour
 b - a +0 leather armour (worn)
 r - a +0 cloak (worn)
 u - a +0 pair of boots (worn)
Jewellery
 p - a ring of see invisible (left hand)
 t - a cursed ring of loudness (right hand)
Scrolls
 e - a scroll of fog {unknown}
 f - a scroll of random uselessness {unknown}
 g - 2 scrolls of amnesia {unknown}
 h - a scroll of blinking {unknown}
 i - 4 scrolls of remove curse {unknown}
 m - 4 scrolls of identify {unknown}
 o - a scroll of teleportation {unknown}
 s - a scroll of fear {unknown}
 w - a scroll of magic mapping {unknown}
Potions
 j - 4 potions of heal wounds {unknown}
 k - 2 potions of curing {unknown}
 l - a potion of brilliance {unknown}
 n - a potion of invisibility {unknown}
 q - a potion of haste {unknown}
 v - 2 potions of degeneration {unknown}
 x - a potion of flight {unknown}
Books
 c - a book of Battle

   Spells                             Type                      Level
   a - Infusion                       Charms                       1
   b - Shroud of Golubria             Charms/Translocation         2
   c - Song of Slaying                Charms                       2
   d - Spectral Weapon                Hexes/Charms                 3
   e - Regeneration                   Charms/Necromancy            3
Comestibles
 d - 5 rations


   Skills:
 + Level 3.0 Fighting
 + Level 2.7 Long Blades
 * Level 3.0 Armour
 - Level 1.7 Dodging
 - Level 2.0 Spellcasting
 + Level 3.4 Charms


You had 3 spell levels left.
You knew the following spells:

 Your Spells              Type           Power        Failure   Level  Hunger
a - Shroud of Golubria    Chrm/Tloc      #.........   22%         2    ###....
b - Song of Slaying       Chrm           ##......     11%         2    ###....
c - Infusion              Chrm           ##..         7%          1    #......


Dungeon Overview and Level Annotations

Branches:
Dungeon (4/15)
 Temple: D:4-7

Altars:
Ashenzari
Trog


Innate Abilities, Weirdness & Mutations

You are mostly covered in icy blue scales. (AC +3)


Message History

You hit the ogre.
The ogre is lightly wounded.
The ogre barely misses you.
You hit the ogre.
The ogre is moderately wounded.
Your shroud begins to fray at the edges.
Your shroud bends the ogre's attack away!
You hit the ogre.
The ogre is heavily wounded.
The ogre completely misses you.
You hit the ogre.
The ogre is severely wounded.
The ogre hits you with a giant club!
Your shroud falls apart!
Casting: Shroud of Golubria
Confirm with . or Enter, or press ? or * to list all spells.
Space distorts slightly along a thin shroud covering your body.
The ogre hits you with a giant club!!
Ouch! That really hurt!
You die...

.........##.##...###
#...............##.#....
...............##(.##..#
...............##.####.#
..............##...###..
..$..........##.....##..
.............#.......##.
................._..^...
#.....O@.....#.......#..
##..[..#.....##.....####
#######.#######...##
#.## ##.#### ####
#..#######.#..
#..#####.........#.#
##..........##...#.####
####..##.#....#.......
##.##..............


You could see an ogre.

Vanquished Creatures
  Robin (D:3)
  6 adders
  An ooze (D:1)
  An adder skeleton (D:3)
  6 worms
  A dart slug (D:2)
  2 leopard geckos
  6 orcs
  10 bats
  2 giant cockroaches (D:1)
  21 goblins
  3 hobgoblins
  4 jackals (D:1)
  A quokka (D:3)
  3 ball pythons (D:1)
  3 frilled lizards
  5 kobolds
  7 rats
83 creatures vanquished.

Notes
Turn   | Place    | Note
-------+----------+-------------------------------------------
     0 | D:1      | Ivernyr the Demonspawn Skald began the quest for the Orb.
     0 | D:1      | Reached XP level 1. HP: 16/16 MP: 3/3
     6 | D:1      | Reached skill level 1 in Armour
    32 | D:1      | Gained mutation: You are partially covered in icy blue scales. (AC +2) [demonic ancestry]
    32 | D:1      | Reached XP level 2. HP: 16/22 MP: 5/5
   421 | D:1      | Learned a level 2 spell: Song of Slaying
   424 | D:1      | Learned a level 2 spell: Shroud of Golubria
   539 | D:1      | Gained mutation: You are mostly covered in icy blue scales. (AC +3) [demonic ancestry]
   539 | D:1      | Reached XP level 3. HP: 22/28 MP: 6/6
  1364 | D:2      | Reached XP level 4. HP: 34/34 MP: 7/7
  1824 | D:3      | Noticed a moth of wrath
  1827 | D:3      | Found a bloodstained altar of Trog.
  1995 | D:3      | Noticed Robin
  2017 | D:3      | Killed Robin
  2030 | D:3      | Reached XP level 5. HP: 38/40 MP: 2/8
  2819 | D:4      | Found a shattered altar of Ashenzari.
  2909 | D:4      | Noticed an ogre
  2917 | D:4      | Slain by an ogre

Skill      XL: |  1  2  3  4  5 |
---------------+----------------+-----
Armour         | 1 2 3 |  3.0
Long Blades    | 2 |  2.7
Charms         | 3 |  3.4
Fighting       | 3 |  3.0
Dodging        | |  1.7
Spellcasting   | |  2.0

Action                   |  1- 3 |  4- 6 || total
-------------------------+-------+-------++-------
Melee: Falchion          |   141 |   125 ||   266
       Long sword        |       |    23 ||    23
 Cast: Infusion          |     1 |       ||     1
       Shroud of Golubri |     6 |    14 ||    20
       Song of Slaying   |       |     3 ||     3
 Stab: Sleeping          |     1 |       ||     1
  Eat: Chunk             |     2 |     7 ||     9
Armor: Leather armour    |    53 |    34 ||    87
Dodge: Dodged            |   113 |    92 ||   205
       Rpst.: Falchion   |    33 |    25 ||    58
       Long sword        |       |     4 ||     4
